 Dungeon Crawl Stone Soup version 0.26-a0-812-g31a745ddcd (webtiles) character file.

Game seed: 3588503384648384050

105 dmks the Chiller (level 4, 0/33 HPs)
             Began as a Draconian Ice Elementalist on Nov 15, 2020.
             Slain by an orc
             ... wielding a +1 falchion of electrocution
              (11 damage)
             ... on level 3 of the Dungeon.
             The game lasted 00:06:33 (2720 turns).

dmks the Chiller (Draconian Ice Elementalist)       Turns: 2720, Time: 00:06:34

Health: 0/33       AC:  6    Str: 10    XL:     4   Next: 53%
Magic:  5/8        EV: 12    Int: 17    God:
Gold:   201        SH:  0    Dex: 11    Spells: 5/9 levels left

rFire    . . .     SeeInvis .   f - +2 dagger (elec)
rCold    . . .     Faith    .   (no shield)
rNeg     + . .     Spirit   .   (armour unavailable)
rPois    .         Reflect  .   (helmet restricted)
rElec    .         Harm     .   (no cloak)
rCorr    .         Rampage  .   g - +0 pair of gloves
MR       .....                  (no boots)
Stlth    ++........             (no amulet)
HPRegen  0.11/turn              d - ring of positive energy
MPRegen  0.11/turn              (no ring)

@: frozen ramparts
A: unfitting armour, cold-blooded, AC +5
a: no special abilities


You were on level 3 of the Dungeon.
You visited 1 branch of the dungeon, and saw 3 of its levels.

You collected 201 gold pieces.

Inventory:

Hand Weapons
 f - a +2 dagger of electrocution (weapon)
   (You took it off a goblin on level 1 of the Dungeon)
 m - a +4 quarterstaff of chaos
   (You took it off Crazy Yiuf on level 2 of the Dungeon)
Armour
 g - a +0 pair of gloves (worn)
   (You found it on level 1 of the Dungeon)
 l - a +0 cloak
   (You took it off Crazy Yiuf on level 2 of the Dungeon)
Jewellery
 d - a ring of positive energy (left hand)
   (You found it on level 1 of the Dungeon)
Scrolls
 a - 5 scrolls of remove curse {unknown}
 b - 4 scrolls of identify {unknown}
 e - a scroll of random uselessness {unknown}
 h - a scroll of immolation {unknown}
 i - 3 scrolls of amnesia {unknown}
 k - a scroll of blinking {unknown}
Potions
 c - a potion of haste {unknown}
 j - a potion of heal wounds {unknown}
 n - a potion of cancellation {unknown}


   Skills:
 + Level 2.5 Dodging
 + Level 2.5 Stealth
 * Level 3.2 Spellcasting
 + Level 4.4 Ice Magic


You had 5 spell levels left.
You knew the following spells:

 Your Spells              Type           Power        Failure   Level
a - Freeze                Ice            ###.         2%          1
b - Frozen Ramparts       Ice            ###...       9%          3

Your spell library contained the following spells:

 Spells                   Type           Power        Failure   Level
 Ozocubu's Armour         Ice            ###.....     9%          3
 Hailstorm                Conj/Ice       ##......     56%         4
 Summon Ice Beast         Ice/Summ       ##......     56%         4


Dungeon Overview and Level Annotations

Branches:
Dungeon (3/15)

Altars:
Zin


Innate Abilities, Weirdness & Mutations

Your plain brown scales are hard. (AC +5)
You cannot fit into any form of body armour.
You are cold-blooded and may be slowed by cold attacks.


Message History

You hit the goblin. You freeze the goblin.
The goblin hits you but does no damage.
You closely miss the goblin.
Your tail-slap misses the goblin.
The goblin hits you with a +0 dagger.
You sock the goblin!
You kill the goblin!
The spell is quite dangerous to cast (9% risk of failure)!
Continue anyway? [Y]es or [N]o only, please.
The spell is quite dangerous to cast (9% risk of failure)!
Continue anyway?
The walls around you are covered in ice.
You see here a buckler.
The wall freezes the dart slug!
The wall freezes the dart slug.
You kill the dart slug!
The frozen ramparts melt away.
Things that are here:
a +0 dagger; a goblin corpse You now have 194 gold pieces (gained 10).
Found 7 gold pieces.
A leopard gecko comes into view.
You are now empty-handed.
You hear the crackle of electricity.
f - a +2 dagger of electrocution (weapon)
You now have 201 gold pieces (gained 7).
An orc comes into view.
It is wielding a +1 falchion of electrocution.
The orc shouts!
There are monsters nearby!
You hit the orc but do no damage. The orc hits you but does no damage.
You hit the orc but do no damage. The orc barely misses you.
You barely miss the leopard gecko.
Your tail-slap misses the leopard gecko.
The leopard gecko barely misses you. The orc completely misses you.
You hit the leopard gecko. The leopard gecko closely misses you.
The orc barely misses you.
The leopard gecko bites you but does no damage.
You closely miss the leopard gecko.
The orc hits you with a +1 falchion of electrocution.
You are electrocuted!!
Ouch! That really hurt!
* * * LOW HITPOINT WARNING * * *
The leopard gecko misses you.
The spell is quite dangerous to cast (9% risk of failure)!
Continue anyway? [Y]es or [N]o only, please.
The spell is quite dangerous to cast (9% risk of failure)!
Continue anyway?
The walls around you are covered in ice.
The wall freezes the leopard gecko.
You kill the leopard gecko!
The wall freezes the orc.
The orc hits you but does no damage.
You are electrocuted!
You die...

#........#.#...)....<..#
#........#.#.#########.#
#........#.... #
#.............
#.=......###.#
#........# #.#
≈######.###### #.
........######
########...@.# #.###o#
#.# ... #.# #### #.. #..
#.. ##..


You could see an orc.

Vanquished Creatures
  Crazy Yiuf (D:2)
  2 adders (D:2)
  An ooze (D:2)
  A worm (D:2)
  2 dart slugs
  3 leopard geckos
  2 giant cockroaches (D:1)
  7 goblins
  6 hobgoblins
  A ball python (D:1)
  7 bats
  9 frilled lizards
  3 kobolds (D:2)
  3 rats
48 creatures vanquished.

Notes
Turn   | Place    | Note
-------+----------+-------------------------------------------
     0 | D:1      | dmks the Draconian Ice Elementalist began the quest for the
                  | Orb.
     0 | D:1      | Reached XP level 1. HP: 14/14 MP: 3/3
   368 | D:1      | Reached XP level 2. HP: 16/20 MP: 5/5
  1368 | D:2      | Reached XP level 3. HP: 26/26 MP: 4/6
  1456 | D:2      | Learned a level 3 spell: Frozen Ramparts
  1722 | D:2      | Found a runed translucent door.
  1723 | D:2      | Noticed Crazy Yiuf
  2259 | D:2      | Reached XP level 4. HP: 24/33 MP: 8/8
  2389 | D:2      | Found a glowing silver altar of Zin.
  2504 | D:2      | Killed Crazy Yiuf
  2720 | D:3      | Slain by an orc

Illustrated notes

Levels and vault maps discovered:
D:1:      dpeg_arrival_rooms_c, layout_loops_ring
D:2:      minmay_spotlight, layout_loops_ring, lemuel_coloured_pillars_altar,
          uniq_crazy_yiuf_cottage
D:3:      layout_basic, chequers_serial_rivers_small_b

Skill      XL: |  1  2  3  4 |
---------------+-------------+-----
Stealth        | 2 |  2.5
Dodging        | 2 |  2.5
Spellcasting   | 3 |  3.2
Ice Magic      | |  4.4

Action                   |  1- 3 |  4- 6 || total
-------------------------+-------+-------++-------
Melee: Unarmed           |    21 |       ||    21
       Dagger            |    30 |     5 ||    35
       Tailslap          |     1 |     1 ||     2
       Quarterstaff      |       |     7 ||     7
 Cast: Freeze            |    39 |     1 ||    40
       Frozen Ramparts   |     2 |     4 ||     6
 Stab: Sleeping          |     1 |       ||     1
Armor: Skin              |    19 |     4 ||    23
Dodge: Dodged            |    48 |    11 ||    59

Table legend: (Time is in decaauts)
 A = Elapsed time spent in this place.
 B = Non-inter-level travel time spent in this place.
 C = Inter-level travel time spent in this place.
 D = Time resting spent in this place.
 E = Time spent auto-exploring this place.
 F = Levels seen in this place.
 G = Mean time per level.
                   A        B        C        D        E       F      G
               +--------+--------+--------+--------+--------+-----+--------+
         Total |   2719 |   2624 |     95 |     18 |   2260 |   3 |  906.3 |
       Dungeon |   2719 |   2624 |     95 |     18 |   2260 |   3 |  906.3 |
               +--------+--------+--------+--------+--------+-----+--------+

Top non-repeatable levels by time:
     D:2: 1324 daAuts
     D:1: 1283 daAuts
     D:3: 111 daAuts
